 Dungeon Crawl Stone Soup version 0.28.0-45-g0d030f2227 (webtiles) character file.

Game seed: 1856554169558281854

10418 H0rd4k the Thaumaturge (level 11, -20/57 HPs)
             Began as a Deep Elf Hedge Wizard on Apr 22, 2022.
             Was an Initiate of Gozag.
             Demolished by a white ugly thing (29 damage)
             ... in an ice cave.
             The game lasted 00:27:27 (18584 turns).

H0rd4k the Thaumaturge (Deep Elf Hedge Wizard)     Turns: 18584, Time: 00:27:48

Health: -20/57     AC: 12    Str:  7    XL:     11   Next: 35%
Magic:  15/31      EV: 14    Int: 24    God:    Gozag
Gold:   1041       SH:  0    Dex: 14    Spells: 19/39 levels left

rFire   + + .      SeeInvis .   a - +0 dagger
rCold   . . .      Faith    .   (no shield)
rNeg    . . .      Spirit   .   i - +2 robe {rF+}
rPois   .          Reflect  .   c - +1 hat
rElec   .          Harm     .   A - +2 cloak
rCorr   .          Rampage  .   (no gloves)
Will    .....                   (no boots)
Stlth   ++........              (no amulet)
HPRegen 0.19/turn               l - ring of protection from fire
MPRegen 0.22/turn               w - +4 ring of protection

@: weak-willed
A: no striking features
a: Renounce Religion, Potion Petition, Call Merchant, Bribe Branch


You were in an ice cave.
You worshipped Gozag.
Gozag was most pleased with you.
You visited 2 branches of the dungeon, and saw 12 of its levels.
You also visited: Ice Cave.

You collected 1183 gold pieces.
You paid 142 gold pieces to Gozag.

Inventory:

Hand Weapons
 a - a +0 dagger (weapon)
 t - a +1 shortbow of chaos
Missiles
 u - 80 arrows
Armour
 c - a +1 hat (worn)
 i - a +2 robe of fire resistance (worn)
 A - a +2 cloak (worn)
Jewellery
 l - a ring of protection from fire (left hand)
 w - a +4 ring of protection (right hand)
Wands
 r - a wand of paralysis (5)
 z - a wand of flame (24)
Scrolls
 b - a scroll of torment {unknown}
 d - a scroll of immolation
 e - 3 scrolls of identify
 f - 2 scrolls of enchant armour
 h - 5 scrolls of fog
 k - 2 scrolls of magic mapping
 v - 3 scrolls of teleportation
 x - a scroll of vulnerability
 y - a scroll of fear
Potions
 g - 4 potions of heal wounds
 j - 2 potions of curing
 m - 2 potions of magic
 o - 2 potions of mutation {unknown}
 p - 2 potions of flight {unknown}
 q - 5 potions of attraction {unknown}
 s - a potion of invisibility {unknown}
 C - 2 potions of brilliance {unknown}


   Skills:
 + Level 1.7 Fighting
 + Level 5.0 Dodging
 - Level 2.4 Stealth
 + Level 14.8 Spellcasting
 + Level 10.3 Conjurations
 * Level 6.9 Summonings
 + Level 3.7 Translocations
 + Level 4.3 Fire Magic
 + Level 3.1 Air Magic
 + Level 3.2 Poison Magic
 + Level 1.6 Evocations


You had 19 spell levels left.
You knew the following spells:

 Your Spells              Type           Power      Damage    Failure   Level
a - Magic Dart            Conj           100%       1d8       1%          1
b - Blink                 Tloc           70%        N/A       1%          2
c - Conjure Flame         Conj/Fire      52%        6-21      1%          3
d - Mephitic Cloud        Conj/Pois/Air  44%        N/A       1%          3
e - Summon Forest         Summ/Tloc      21%        N/A       10%         5
f - Summon Cactus Giant   Summ           25%        N/A       28%         6

Your spell library contained the following spells:

 Spells                   Type           Power      Damage    Failure   Level
 Call Imp                 Summ           50%        N/A       1%          2
 Corpse Rot               Necr/Air       50%        N/A       2%          2
 Slow                     Hex            68%        N/A       3%          1
 Portal Projectile        Hex/Tloc       52%        N/A       4%          3
 Summon Mana Viper        Hex/Summ       34%        N/A       22%         5
 Dispel Undead            Necr           17%        3d10      32%         4
 Blade Hands              Tmut           8%         N/A       65%         5
 Excruciating Wounds      Necr           8%         N/A       65%         5
 Death Channel            Necr           8%         N/A       99%         6


Dungeon Overview and Level Annotations

Branches:
Dungeon (11/15)            Temple (1/1) D:7             Orc (0/2) D:10
  IceCv (1/1)
   Lair: D:8-11

Altars:
Ashenzari
Cheibriados
Dithmenos
Elyvilon
Fedhas
Gozag
Hepliaklqana
Makhleb
Nemelex Xobeh
Okawaru
Qazlal
Ru
Sif Muna
Trog
Uskayaw
Vehumet
Wu Jian
Xom
Yredelemnul
Zin
The Shining One

Annotations:
D:1 exclusion: downstairs
D:2 exclusion: 2 downstairs, Sigmund
D:4 exclusion: downstairs, Menkaure
D:6 1 runed translucent door, exclusion: door, Deadscale's ghost, novice MiFi
D:7 exclusion: 2 downstairs
D:9 exclusions: orange crystal statue and upstairs
D:10 exclusions: ice statue and upstairs
D:11 exclusion: boulder beetle IceCv 1 transporter, exclusion: 2 ice statues


Message History

It was a scroll of noise.
Casting: Magic Dart (safe; 1% risk of failure)
Confirm with . or Enter, or press ? or * to list all spells.
You blink.
Casting: Blink (safe; 1% risk of failure)
Confirm with . or Enter, or press ? or * to list all spells.
The fire begins to smoulder!
The fire ignites!
Found a transporter.
You feel stable enough to blink again. The wolf simulacrum closely misses you.
The entropy weaver simulacrum hits you but does no damage.
The entropy weaver simulacrum closely misses you.
The entropy weaver simulacrum barely misses you.
The entropy weaver simulacrum hits you.
The entropy weaver simulacrum freezes you!!!
Ouch! That really hurt!
* * * LOW HITPOINT WARNING * * *
The wolf simulacrum misses you.
The entropy weaver simulacrum hits you but does no damage.
The entropy weaver simulacrum misses you.
The entropy weaver simulacrum completely misses you.
The entropy weaver simulacrum barely misses you.
Casting: Conjure Flame (safe; 1% risk of failure)
Confirm with . or Enter, or press ? or * to list all spells.
You blink.
Found six items.
Found an ice covered gate leading back out of this place.
The white ugly thing gurgles horribly!
Marking area around 2 ice statues as unsafe for travelling.
Found a transporter.
You feel stable enough to blink again.
There is a transporter here.
Unknown command.
You enter the transporter and appear at another place.
The white ugly thing headbutts you!
* * * LOW HITPOINT WARNING * * *
The white ugly thing freezes you!!
Ouch! That really hurt!
You die...
Your body crumbles into a pile of gold.

### ##### #∩.#
###...#### #..8#
##........##
#...8##....Z..Z..##
#8...8#....ZW.....##
#.....#.(Z.8....Z..#
#:?...#8.(.........#
#}:..@#§©)Z....∩.∩.#
#([.u.#8.$.........#
#.....#.!..8.......#
#8...8#...........##
#...8##..........##
#..8# ##........##
#©.# ###...#### ###
#####


You could see 2 ice statues, a white ugly thing, a freezing wraith
(weak-willed), a wolf simulacrum (weak-willed), a dire elephant simulacrum
(weak-willed), a cane toad simulacrum (weak-willed) and an entropy weaver
simulacrum (weak-willed).

Vanquished Creatures
  4 two-headed ogres
  Pikel (D:7)
  Maurice (D:8)
  Maggie (D:7)
  2 rime drakes (D:11)
  Prince Ribbit (D:6)
  2 wyverns
  7 yaks
  A steam dragon (D:10)
  2 vampire mosquitoes (D:7)
  A warg (D:10)
  Edmund (D:5)
  An acid dragon (D:10)
  An ice beast (D:5)
  3 orc warriors
  3 sky beasts
  6 black bears
  A necrophage (D:7)
  A centaur (D:6)
  An ogre (D:7)
  2 lemures (D:7)
  2 phantoms
  4 kobold brigands
  2 bullfrogs
  A scorpion (D:11)
  3 killer bees (D:7)
  7 wights
  2 howler monkeys (D:10)
  5 bullfrog zombies
  2 centaur zombies
  2 hounds
  3 jellies
  A gnoll shaman (D:7)
  5 orc priests
  A scorpion zombie (D:5)
  Jessica (D:2)
  Natasha (twice) (D:3)
  A bullfrog skeleton (D:5)
  A centaur skeleton (D:4)
  2 iguanas (D:6)
  Terence (D:3)
  8 orc wizards
  A killer bee zombie (D:6)
  A hound zombie (D:3)
  A mummy (D:7)
  Robin (D:2)
  9 gnolls
  8 adders
  2 white imps
  An ufetubus (D:5)
  3 adder skeletons (D:4)
  A worm (D:3)
  A dart slug (D:2)
  28 orcs
  5 ball pythons
  3 endoplasms
  9 giant cockroaches
  26 goblins
  27 hobgoblins
  3 jackals (D:4)
  25 kobolds
  4 quokkas
  2 ball python skeletons (D:3)
  A ball python zombie (D:3)
  6 bats
  3 frilled lizards
  3 hobgoblin zombies (D:7)
  A kobold zombie (D:7)
  A quokka zombie (D:3)
  6 rats
281 creatures vanquished.

Vanquished Creatures (collateral kills)
  A killer bee (D:7)
1 creature vanquished.

Vanquished Creatures (others)
  A fungus (D:11)
  11 plants (D:11)
  2 withered plants (D:3)
14 creatures vanquished.

Grand Total: 296 creatures vanquished

Notes
Turn   | Place    | Note
-------+----------+-------------------------------------------
     0 | D:1      | H0rd4k the Deep Elf Hedge Wizard began the quest for the
                  | Orb.
     0 | D:1      | Reached XP level 1. HP: 10/10 MP: 7/7
   277 | D:1      | Reached XP level 2. HP: 15/15 MP: 5/9
   356 | D:1      | Reached skill level 5 in Spellcasting
  1352 | D:2      | Reached XP level 3. HP: 14/19 MP: 6/11
  1355 | D:2      | Learned a level 2 spell: Blink
  1359 | D:2      | Learned a level 3 spell: Conjure Flame
  1363 | D:2      | Learned a level 3 spell: Mephitic Cloud
  1517 | D:2      | Noticed Sigmund
  1991 | D:2      | Noticed Jessica
  2009 | D:2      | Killed Jessica
  2101 | D:2      | Reached XP level 4. HP: 24/24 MP: 11/13
  2139 | D:2      | Noticed Robin
  2666 | D:2      | Killed Robin
  2667 | D:2      | Reached skill level 1 in Poison Magic
  3129 | D:2      | Reached skill level 1 in Fire Magic
  3691 | D:3      | Noticed Natasha
  3946 | D:3      | Killed Natasha
  3947 | D:3      | Reached XP level 5. HP: 8/28 MP: 6/15
  4373 | D:3      | Found a sparkling altar of Nemelex Xobeh.
  4412 | D:3      | Reached skill level 1 in Air Magic
  4565 | D:3      | Noticed Terence
  4581 | D:3      | Noticed Natasha
  4656 | D:3      | Killed Terence
  4657 | D:3      | Reached skill level 6 in Spellcasting
  5025 | D:3      | Found a hide-covered altar of Uskayaw.
  5038 | D:3      | Killed Natasha
  5166 | D:3      | Reached XP level 6. HP: 25/32 MP: 5/17
  5542 | D:4      | Reached skill level 7 in Spellcasting
  5962 | D:4      | Reached XP level 7. HP: 37/37 MP: 9/19
  7027 | D:4      | Reached skill level 5 in Conjurations
  7062 | D:4      | Noticed Menkaure
  7773 | D:5      | Entered Level 5 of the Dungeon
  7786 | D:5      | Reached skill level 8 in Spellcasting
  8169 | D:5      | Reached skill level 9 in Spellcasting
  8169 | D:5      | Reached XP level 8. HP: 42/42 MP: 12/23
  8491 | D:5      | Noticed Edmund
  8503 | D:5      | Killed Edmund
  8854 | D:5      | Reached skill level 10 in Spellcasting
  9038 | D:5      | Learned a level 5 spell: Summon Forest
  9070 | D:6      | Found a sacrificial altar of Ru.
  9423 | D:6      | Noticed Prince Ribbit
  9443 | D:6      | Killed Prince Ribbit
  9605 | D:6      | Found a radiant altar of Vehumet.
  9619 | D:6      | Reached XP level 9. HP: 46/46 MP: 13/25
  9626 | D:6      | Learned a level 6 spell: Summon Cactus Giant
 10380 | D:6      | Found a runed translucent door.
 10382 | D:6      | Noticed Deadscale's ghost (novice MiFi)
 10517 | D:7      | Reached skill level 11 in Spellcasting
 11324 | D:7      | Found a shimmering blue altar of Sif Muna.
 11336 | D:7      | Reached skill level 1 in Fighting
 11516 | D:7      | Found an opulent altar of Gozag.
 11999 | D:7      | Noticed Maggie
 12088 | D:7      | Killed Maggie
 12089 | D:7      | Reached skill level 12 in Spellcasting
 12561 | D:7      | Found a bloodstained altar of Trog.
 12592 | D:7      | Found a staircase to the Ecumenical Temple.
 12698 | Temple   | Entered the Ecumenical Temple
 12857 | D:7      | Became a worshipper of Gozag Ym Sagoz the Greedy
 13471 | D:7      | Reached XP level 10. HP: 20/53 MP: 17/28
 14050 | D:8      | Found a basalt altar of Yredelemnul.
 14148 | D:8      | Reached skill level 1 in Evocations
 14263 | D:8      | Noticed Maurice
 14327 | D:8      | Killed Maurice
 14720 | D:8      | Noticed a phantasmal warrior
 14750 | D:8      | Noticed a two-headed ogre
 14750 | D:8      | Noticed a two-headed ogre
 14769 | D:8      | Killed a two-headed ogre
 14783 | D:8      | Killed a two-headed ogre
 14784 | D:8      | Reached skill level 13 in Spellcasting
 14784 | D:8      | Reached skill level 5 in Summonings
 14956 | D:8      | Noticed a death knight
 15061 | D:8      | Noticed Pikel
 15109 | D:7      | Killed Pikel
 15394 | D:8      | Noticed a phantasmal warrior
 15732 | D:9      | Found an iron altar of Okawaru.
 15805 | D:9      | Noticed an orange crystal statue
 15928 | D:9      | Found a shadowy altar of Dithmenos.
 15932 | D:9      | Found a hazy altar of Hepliaklqana.
 15936 | D:9      | Noticed a two-headed ogre
 16272 | D:8      | Killed a two-headed ogre
 16542 | D:10     | Entered Level 10 of the Dungeon
 16789 | D:10     | Reached skill level 14 in Spellcasting
 17054 | D:10     | Reached XP level 11. HP: 53/57 MP: 17/31
 17821 | D:10     | Reached skill level 10 in Conjurations
 18062 | D:10     | Found a shimmering altar of Xom.
 18203 | D:10     | Reached skill level 5 in Dodging
 18284 | D:10     | Found a staircase to the Orcish Mines.
 18358 | D:11     | Noticed a boulder beetle
 18428 | D:11     | Noticed a two-headed ogre
 18439 | D:11     | Killed a two-headed ogre
 18494 | D:11     | Found a frozen archway.
 18571 | IceCv    | Entered an ice cave
 18579 | IceCv    | Found a transporter.
 18581 | IceCv    | Noticed a white ugly thing
 18582 | IceCv    | Found a transporter.
 18584 | IceCv    | Demolished by a white ugly thing

Illustrated notes

Levels and vault maps discovered:
D:1:      dpeg_arrival_prison, layout_basic, hangedman_glass_teeth
D:2:      layout_basic, uniq_robin, uniq_sigmund, uniq_jessica
D:3:      layout_basic, mainiacjoe_overflow_chevrons,
          mainiacjoe_overflow_catwalk, serial_undead, serial_undead_a,
          serial_undead_a, serial_undead_b, serial_undead_d, uniq_terence,
          uniq_natasha
D:4:      minmay_goblin_kobold_castle, layout_basic, minmay_misc_feat_tiny,
          uniq_menkaure
D:5:      layout_basic, uniq_edmund
D:6:      layout_rooms, nicolae_ru_sacrificial_ziggurat, old_standard_altar,
          ebering_ghost_reflecting_pool, kennysheep_generic_room_2,
          uniq_prince_ribbit1
D:7:      layout_basic, kennysheep_mini_moat, nicolae_overflow_crystal_walls,
          mainiacjoe_overflow_alcove_2, temple_hall, minmay_mini_ossuary,
          uniq_maggie
D:8:      layout_cave_pools, lemuel_doored_altar, grunt_ministairs_11,
          uniq_maurice, uniq_pikel
D:9:      minmay_statue_hallways, layout_rooms, mainiacjoe_overflow_alcove_1,
          overflow_temple_1_default, mainiacjoe_overflow_catwalk_spiral,
          minmay_diced_spiral
D:10:     layout_rooms, kennysheep_mini, minmay_orc_entry_guard_dogs,
          roderic_serpentine_path, minivault_16
D:11:     layout_roguey, minmay_lair_entry_grove, portal_ice_cave_rime,
          serial_shops, nicolae_shop_bloodbath_and_beyond
Temple:   dpeg_three_leaves_temple
IceCv:    ice_cave_statue_garden_transporter

Skill      XL: |  1  2  3  4  5  6  7  8  9 10 11 |
---------------+----------------------------------+-----
Spellcasting   | 5 6 7 9 10 12 14 | 14.8
Dodging        | 3 4 5 |  5.0
Conjurations   | 2 3 4 6 7 8 9 10 | 10.3
Poison Magic   | 1 2 3 |  3.2
Fire Magic     | 1 3 4 |  4.3
Air Magic      | 1 2 3 |  3.1
Summonings     | 2 4 6 |  6.9
Fighting       | 1 |  1.7
Translocations | 2 3 |  3.7
Evocations     | 1 |  1.6
Stealth        | |  2.4

Action                   |  1- 3 |  4- 6 |  7- 9 | 10-12 || total
-------------------------+-------+-------+-------+-------++-------
Melee: Dagger            |     1 |     2 |       |     3 ||     6
 Cast: Magic Dart        |    94 |   182 |   488 |   377 ||  1141
       Blink             |       |     1 |     4 |    30 ||    35
       Conjure Flame     |       |    11 |    36 |    37 ||    84
       Mephitic Cloud    |       |     6 |    16 |    18 ||    40
Evoke: Wand              |       |       |    13 |     9 ||    22
  Use: Scroll            |       |       |     9 |     3 ||    12
       Potion            |       |       |     1 |       ||     1
Armor: Robe              |     2 |    17 |    22 |    48 ||    89
Dodge: Dodged            |    17 |    47 |   106 |    86 ||   256
